 Dungeon Crawl Stone Soup version 0.23-a0-329-g6f3f904 (webtiles) character file.

2342 namelastname112 the Skirmisher (level 9, -1/118 HPs)
             Began as a Yellow Draconian Wanderer on Oct 16, 2018.
             Was an Initiate of Fedhas.
             Killed by divine providence
             ... invoked by an orc priest
              (13 damage)
             ... on level 7 of the Dungeon.
             The game lasted 00:12:05 (6499 turns).

namelastname112 the Skirmisher (DrWn)               Turns: 6499, Time: 00:12:06

Health: -1/118     AC: 14    Str: 17 (18) XL:     9   Next: 20%
Magic:  14/14      EV: 14    Int: 16 (18) God:    Fedhas [......]
Gold:   98         SH:  0    Dex: 11 (12) Spells: 15/15 levels left

rFire    . . .     SeeInvis .   H - +10 spear of Awkeenidoi {pain, -Tele rC+++ Str+2 Stlth-}
rCold    + + +     Gourm    .   (no shield)
rNeg     . . .     Faith    .   (armour unavailable)
rPois    .         Spirit   .   (helmet restricted)
rElec    .         Reflect  .   z - +0 cloak
rCorr    +         Harm     .   j - +0 pair of gloves
MR       .....     NoTele   +   a - +0 pair of boots
Stlth    ..........             (no amulet)
HPRegen  0.29/turn              v - +2 ring of protection
MPRegen  0.14/turn              u - +2 ring of protection

@: mighty, berserking, lethally poisoned (-1 -> -5), short of breath, drained,
very quick
A: spit acid, acid resistance, unfitting armour, cold-blooded, AC +7
a: Breathe Acid, Fungal Bloom, Renounce Religion


You were on level 7 of the Dungeon.
You worshipped Fedhas.
Fedhas was noncommittal.
You were very hungry.

You visited 2 branches of the dungeon, and saw 8 of its levels.

You collected 330 gold pieces.
You spent 232 gold pieces at shops.

Inventory:

Hand Weapons
 D - a +1 hand axe of chopping
 H - the +10 spear of Awkeenidoi (weapon) {pain, -Tele rC+++ Str+2 Stlth-}
   (You bought it in a shop on level 7 of the Dungeon)

   In the hands of one skilled in necromantic magic, it inflicts extra damage on
   living creatures.
   It affects your strength (+2).
   It renders you almost immune to cold.
   It prevents most forms of teleportation.
   It makes you less stealthy.
Armour
 a - a +0 pair of boots (worn)
 j - a +0 pair of gloves (worn)
 z - a +0 cloak (worn)
Jewellery
 u - a +2 ring of protection (right hand)
 v - a +2 ring of protection (left hand)
Wands
 d - a wand of random effects (4)
 E - a wand of iceblast (7)
 G - a wand of acid (3)
Scrolls
 c - 6 scrolls of teleportation {unknown}
 e - 10 scrolls of identify {unknown}
 g - 2 scrolls of remove curse {unknown}
 h - 4 scrolls of amnesia {unknown}
 k - a scroll of enchant armour {unknown}
 o - 2 scrolls of blinking {unknown}
 r - 3 scrolls of magic mapping {unknown}
 x - a scroll of enchant weapon {unknown}
 y - a scroll of random uselessness {unknown}
 A - 2 scrolls of immolation {unknown}
 B - 3 scrolls of fear {unknown}
 F - a scroll of brand weapon {unknown}
Potions
 i - 2 potions of degeneration
 l - 2 potions of heal wounds {unknown}
 m - a potion of berserk rage
 n - a potion of magic {unknown}
 p - 2 potions of brilliance {unknown}
 q - a potion of haste {unknown}
 s - 3 potions of curing {unknown}
 t - a potion of mutation {unknown}
 w - a potion of lignification {unknown}
 C - a potion of resistance {unknown}
Comestibles
 f - 9 rations


   Skills:
 + Level 7.4(7.1) Fighting
 + Level 6.9(6.7) Axes
   Level 1.7(1.5) Crossbows
 - Level 1.0(0.8) Throwing
 + Level 5.7(5.5) Dodging
 - Level 3.5(3.3) Spellcasting
 + Level 4.6(4.4) Invocations
 - Level 1.0(0.8) Evocations


You had 15 spell levels left.
You didn't know any spells.
Your spell library contained the following spells:

 Spells                   Type           Power        Failure   Level  Hunger
 Magic Dart               Conj           #...         19%         1    None
 Searing Ray              Conj           #.....       28%         2    ##.....
 Dazzling Spray           Conj/Hex       #.....       50%         3    ###....
 Force Lance              Conj/Tloc      #.......     88%         4    ####...
 Fulminant Prism          Conj/Hex       #.........   88%         4    ####...
 Iskenderun's Mystic Bla  Conj           #.......     88%         4    ####...


Dungeon Overview and Level Annotations

Branches:
Dungeon (7/15)             Temple (1/1) D:6

Altars:
Ashenzari
Cheibriados
Dithmenos
Elyvilon
Fedhas
Hepliaklqana
Kikubaaqudgha
Makhleb
Okawaru
Qazlal
Ru
Sif Muna
Trog
Vehumet
Wu Jian
Xom
Yredelemnul
Zin
The Shining One

Shops:
D:7 (


Innate Abilities, Weirdness & Mutations

You can spit globs of acid.
You are resistant to acid.
Your golden yellow scales are hard. (AC +7)
You cannot fit into any form of body armour.
You are cold-blooded and may be slowed by cold attacks.


Message History

You kill the killer bee!
A killer bee comes into view.
You puncture the wight! You tail-slap the wight.
The wight is almost destroyed.
You feel sick. The wight hits you with a +2 hand axe.
* * * LOW HITPOINT WARNING * * *
You feel drained.
* * * LOW HITPOINT WARNING * * *
You take 6 damage, and have 12/118 hp.
You hit the wight.
You destroy the wight!
The killer bee barely misses you.
You barely miss the killer bee.
You feel sick. The killer bee completely misses you.
You take 1 damage, and have 12/118 hp.
You completely miss the killer bee.
The orc priest calls down the wrath of Beogh upon you.
Beogh smites you!
You die...
Fedhas appreciates your contribution to the ecosystem.

#####.# ##.#####
...#.# #.<....#
#.#####.#.###.####.###
...........)..........
.#####......#####.###
###.............##
#...............##
#.#.#+###.........
#@#.# #.......##
###y#.# #..(....# #.
#.zoo.# #.......#
.#...####.z.###.
#########
>...zo)..........
.....###......### ...
......).# . .........#
....#######


You could see a killer bee, 2 wights, an orc priest and an orc.

Vanquished Creatures
  Pikel (D:4)
  2 orc warriors
  4 slaves
  An ogre (D:6)
  A phantom (D:7)
  A centaur (D:6)
  3 bullfrogs
  2 killer bees (D:7)
  A wight (D:7)
  A howler monkey (D:4)
  A bullfrog zombie (D:5)
  5 crimson imps
  2 jellies
  A centaur zombie (D:7)
  2 orc priests (D:7)
  A hound (D:6)
  2 bullfrog skeletons
  6 orc wizards
  Jessica (D:3)
  A centaur skeleton (D:7)
  5 worker ants
  A howler monkey skeleton (D:4)
  12 adders
  2 shadow imps (D:6)
  An adder skeleton (D:7)
  5 worms
  5 dart slugs
  6 leopard geckos
  22 orcs
  4 ball pythons
  6 bats
  5 giant cockroaches
  7 goblins
  11 hobgoblins
  10 jackals
  4 quokkas
  A ball python skeleton (D:5)
  8 frilled lizards
  A jackal skeleton (D:6)
  8 kobolds
  4 leopard gecko skeletons
  A quokka skeleton (D:6)
  3 rats
171 creatures vanquished.

Vanquished Creatures (others)
  13 toadstools
13 creatures vanquished.

Grand Total: 184 creatures vanquished

Notes
Turn   | Place    | Note
-------+----------+-------------------------------------------
     0 | D:1      | namelastname112 the Draconian Wanderer began the quest for
                  | the Orb.
     0 | D:1      | namelastname112 set off with: a +2 hand axe, a +0 shortbow,
                  | 22 arrows, a wand of random effects (15), a ration
     0 | D:1      | Reached XP level 1. HP: 17/17 MP: 1/1
    92 | D:1      | Reached XP level 2. HP: 16/25 MP: 2/2
   669 | D:1      | Reached skill level 1 in Dodging
   930 | D:2      | Reached XP level 3. HP: 30/30 MP: 3/3
   939 | D:2      | Reached skill level 3 in Fighting
  1037 | D:2      | Reached XP level 4. HP: 32/38 MP: 4/4
  1726 | D:3      | Reached XP level 5. HP: 44/46 MP: 5/5
  1766 | D:3      | Noticed Jessica
  1779 | D:3      | Killed Jessica
  1779 | D:3      | Reached skill level 5 in Axes
  2294 | D:3      | Found a deep blue altar of Sif Muna.
  2295 | D:3      | Found a shimmering altar of Xom.
  2295 | D:3      | Found a blossoming altar of Fedhas.
  2362 | D:3      | Became a worshipper of Sif Muna the Loreminder
  2405 | D:3      | Reached skill level 4 in Fighting
  2611 | D:4      | Reached skill level 1 in Spellcasting
  2660 | D:4      | Noticed a slave
  2661 | D:4      | Noticed Pikel
  2661 | D:4      | Noticed a slave
  2662 | D:4      | Noticed a slave
  2705 | D:3      | Killed a slave
  2997 | D:4      | Reached skill level 1 in Invocations
  2997 | D:4      | Reached XP level 6. HP: 51/52 MP: 6/8
  3138 | D:4      | Noticed a slave
  3174 | D:3      | Killed a slave
  3323 | D:4      | Killed a slave
  3334 | D:4      | Killed a slave
  3500 | D:4      | Killed Pikel
  3500 | D:4      | Reached * piety under Sif Muna
  3500 | D:4      | Reached skill level 5 in Fighting
  3500 | D:4      | Your scales start taking on a golden yellow colour.
  3500 | D:4      | Reached XP level 7. HP: 25/61 MP: 8/12
  3701 | D:4      | Fell from the grace of Sif Muna
  3968 | D:4      | Found a stormy altar of Qazlal.
  3972 | D:4      | Found a snail-covered altar of Cheibriados.
  3975 | D:4      | Found a burning altar of Makhleb.
  4092 | D:5      | Entered Level 5 of the Dungeon
  4315 | D:5      | Reached XP level 8. HP: 52/69 MP: 13/13
  4563 | D:6      | Reached skill level 6 in Fighting
  4764 | D:6      | Found a staircase to the Ecumenical Temple.
  4806 | Temple   | Entered the Ecumenical Temple
  5208 | D:3      | Became a worshipper of Fedhas Madash
  5404 | D:6      | Reached skill level 5 in Dodging
  5921 | D:6      | Found a hazy altar of Hepliaklqana.
  5921 | D:6      | Found an ornate altar of the Wu Jian Council.
  6133 | D:7      | Reached skill level 7 in Fighting
  6300 | D:7      | Found Wosmafal's Antique Weapon Boutique.
  6318 | D:7      | Bought an encrusted spear for 232 gold pieces
  6318 | D:7      | Identified the +10 spear of Awkeenidoi {pain, -Tele rC+++
                  | Str+2 Stlth-} (You bought it in a shop on level 7 of the
                  | Dungeon)
  6347 | D:7      | Reached XP level 9. HP: 60/79 MP: 14/14
  6499 | D:7      | Killed from afar by an orc priest

Vault maps used:
D:1:      minmay_arrival_loop
D:3:      grunt_temple_overflow_open, guppyfry_early_orc_mine, uniq_jessica
D:4:      minmay_overflow_temple_star_quad, first_ration, uniq_pikel
D:5:      kennysheep_decorative_pillar, kennysheep_windowed_goal
D:6:      gammafunk_temple_overflow_pools, minmay_temple_entry_glass,
          grunt_decor_clamped, grunt_decor_mini_mirrors, lemuel_another_geyser
D:7:      serial_shops, nicolae_shop_behind_doors
Temple:   chequers_temple_sunken

Skill      XL: |  1  2  3  4  5  6  7  8 |
---------------+-------------------------+-----
Dodging        | 1 2 3 4 5 |  5.7
Fighting       | 3 4 5 7 |  7.4
Axes           | 5 6 |  6.9
Spellcasting   | 1 3 |  3.5
Invocations    | 1 2 4 |  4.6
Crossbows      | |  1.7
Throwing       | |  1.0
Evocations     | |  1.0

Action                   |  1- 3 |  4- 6 |  7- 9 || total
-------------------------+-------+-------+-------++-------
Melee: Hand axe          |    88 |   247 |   261 ||   596
       Tailslap          |     6 |    19 |    34 ||    59
       Spear             |       |       |    53 ||    53
Invok: Renounce Religion |       |       |     1 ||     1
       Fungal Bloom      |       |       |     6 ||     6
 Abil: Breathe Acid      |       |       |     9 ||     9
Evoke: Wand              |       |    11 |       ||    11
  Use: Potion            |       |       |     3 ||     3
 Stab: Sleeping          |     1 |     1 |       ||     2
  Eat: Chunk             |       |     9 |     7 ||    16
       Ration            |       |       |     1 ||     1
Armor: Skin              |    27 |    91 |   112 ||   230
Dodge: Dodged            |    58 |   183 |   223 ||   464

Table legend:
 A = Non-vault XP
 B = Vault XP
 C = Vault XP percentage of total XP
 D = Non-vault monster count
 E = Vault monster count
 F = Vault count percentage of total count
                 A         B        C        D         E       F
            +---------+---------+-------+---------+---------+-------
      Total |    2643 |     704 |  21.0 |     158 |       9 |   5.4
            +---------+---------+-------+---------+---------+-------
        D:1 |      38 |       0 |   0.0 |      21 |       0 |   0.0
        D:2 |     115 |       0 |   0.0 |      30 |       0 |   0.0
        D:3 |      78 |      53 |  40.5 |      22 |       8 |  26.7
        D:4 |     264 |     651 |  71.1 |      26 |       1 |   3.7
        D:5 |     333 |       0 |   0.0 |      13 |       0 |   0.0
        D:6 |     899 |       0 |   0.0 |      25 |       0 |   0.0
        D:7 |     916 |       0 |   0.0 |      21 |       0 |   0.0
            +---------+---------+-------+---------+---------+-------
